ATL
LANCASTER BARNSTORMERS @ YORK REVOLUTION
05/25/2072
 
TOP OF THE 1ST
Sugar Land Skeeters batting - Pitching for High Point Rockers : RHP Ernesto Moreno
Pitching: RHP Ernesto Moreno
Batting: RHB Bernie Rogue 0-0: Foul Ball, location: 2F
0-1: Foul Ball, location: 2F
0-2: Hit by Pitch
Batting: RHB Carlos Martinez 0-0: Ball
1-0: Called Strike
1-1: Foul Ball, location: 2F
1-2: Foul Ball, location: 2F
1-2: Ball
2-2: Ball
3-2: Base on Balls
Bernie Rogue to second
Batting: RHB John Racey 0-0: Ball
1-0: Called Strike
1-1: Fielders Choice at 2nd, 5-4 (Groundball, 5, EV 82.5 MPH)
Bernie Rogue to third
Batting: RHB Tyler McCay 0-0: Ball
1-0: Ball
2-0: Fly out, F4 (Popup, 4M, EV 76.2 MPH)
Batting: RHB Brian Hatfield 0-0: Called Strike
0-1: Ball
1-1: Ball
2-1: Foul Ball, location: 2F
2-2: Strikes out swinging
Top of the 1st over - 0 runs, 0 hits, 0 errors, 2 left on base; Sugar Land 0 - High Point 0
BOTTOM OF THE 1ST
High Point Rockers batting - Pitching for Sugar Land Skeeters : RHP Francisco Bran
Pitching: RHP Francisco Bran
Batting: LHB Steve Ozanich 0-0: Ball
1-0: Fly out, F8 (Flyball, 8LS, EV 78.8 MPH)
Batting: LHB Caleb Williams 0-0: Foul Ball, location: 2F
0-1: Ball
1-1: Ball
2-1: Foul Ball, location: 2F
2-2: Ball
3-2: Foul Ball, location: 2F
3-2: Ground out U3 (Groundball, 3, EV 89.4 MPH)
Batting: RHB Greg Kast 0-0: Foul Ball, location: 2F
0-1: Ball
1-1: Swinging Strike
1-2: Ball
2-2: Foul Ball, location: 2F
2-2: SINGLE (Line Drive, 8RS, EV 109.4 MPH)
Batting: LHB Colin DiTuri 0-0: Ball
1-0: Ball
2-0: Ball
3-0: Called Strike
3-1: SINGLE (Groundball, 3D, EV 98.8 MPH)
Greg Kast to second
Runner from 2nd tries for 3rd, SAFE, throw by RF made to third
Batting: RHB Raul Serrano 0-0: Ball
1-0: Ball
2-0: Called Strike
2-1: Fly out, F8 (Flyball, 89D, EV 77.5 MPH)
Bottom of the 1st over - 0 runs, 2 hits, 0 errors, 2 left on base; Sugar Land 0 - High Point 0
TOP OF THE 2ND
Sugar Land Skeeters batting - Pitching for High Point Rockers : RHP Ernesto Moreno
Batting: RHB Edgar Candelaria 0-0: Ball
1-0: Ground out 5-3 (Groundball, 56S, EV 88.1 MPH)
Batting: LHB Scott Beckham 0-0: Foul Ball, location: 2F
0-1: Swinging Strike
0-2: Ball
1-2: Ball
2-2: Strikes out looking
Batting: RHB Ken Parsons 0-0: Ball
1-0: Called Strike
1-1: Called Strike
1-2: Ball
2-2: Ball
3-2: Strikes out swinging
Top of the 2nd over - 0 runs, 0 hits, 0 errors, 0 left on base; Sugar Land 0 - High Point 0
BOTTOM OF THE 2ND
High Point Rockers batting - Pitching for Sugar Land Skeeters : RHP Francisco Bran
Batting: LHB William Fairclough 0-0: Ball
1-0: Ball
2-0: DOUBLE (Line Drive, 7D, EV 96.9 MPH)
Batting: RHB Salvador Lopez 0-0: Ball
1-0: Swinging Strike
1-1: Ball
2-1: Swinging Strike
2-2: Ball
3-2: Base on Balls
Batting: LHB Bill Aubrey 0-0: Ball
1-0: Ball
2-0: Ball
3-0: Called Strike
3-1: Fly out, F4 (Flyball, 34D, EV 85.6 MPH)
Batting: LHB Tony Huerta 0-0: Called Strike
0-1: Ground out 4-3 (Groundball, 4S, EV 70.6 MPH)
William Fairclough to third
Salvador Lopez to second
Batting: LHB Steve Ozanich 0-0: Ball
1-0: TRIPLE (Line Drive, 89XD, EV 100.6 MPH)
William Fairclough scores
Salvador Lopez scores
Batting: LHB Caleb Williams 0-0: Ball
1-0: Ball
Wild Pitch!
Steve Ozanich scores
2-0: DOUBLE (Flyball, 78XD, EV 103.8 MPH)
Batting: RHB Greg Kast 0-0: Called Strike
0-1: Ball
1-1: Swinging Strike
1-2: Ball
2-2: Fly out, F8 (Flyball, 78D, EV 93.1 MPH)
Bottom of the 2nd over - 3 runs, 3 hits, 0 errors, 1 left on base; Sugar Land 0 - High Point 3
TOP OF THE 3RD
Sugar Land Skeeters batting - Pitching for High Point Rockers : RHP Ernesto Moreno
Batting: RHB Phil Carson 0-0: Swinging Strike
0-1: Fly out, F9 (Flyball, 9, EV 90.6 MPH)
Batting: RHB Bernie Rogue 0-0: Ball
1-0: Fly out, F7 (Line Drive, 7D, EV 91.2 MPH)
Batting: RHB Carlos Martinez 0-0: Called Strike
0-1: Ball
1-1: Fly out, F9 (Flyball, 89M, EV 86.9 MPH)
Top of the 3rd over - 0 runs, 0 hits, 0 errors, 0 left on base; Sugar Land 0 - High Point 3
BOTTOM OF THE 3RD
High Point Rockers batting - Pitching for Sugar Land Skeeters : RHP Francisco Bran
Batting: LHB Colin DiTuri 0-0: Ball
1-0: Ground out 4-3 (Groundball, 4, EV 98.8 MPH)
Batting: RHB Raul Serrano 0-0: Fly out, F8 (Line Drive, 8LD, EV 85.6 MPH)
Batting: LHB William Fairclough 0-0: Ball
1-0: Ball
2-0: Ball
3-0: Base on Balls
Batting: RHB Salvador Lopez 0-0: Foul Ball, location: 2F
0-1: Called Strike
0-2: Strikes out swinging
Bottom of the 3rd over - 0 runs, 0 hits, 0 errors, 1 left on base; Sugar Land 0 - High Point 3
TOP OF THE 4TH
Sugar Land Skeeters batting - Pitching for High Point Rockers : RHP Ernesto Moreno
Batting: RHB John Racey 0-0: Ball
1-0: Called Strike
1-1: Fly out, F7 (Line Drive, 7D, EV 93.8 MPH)
Batting: RHB Tyler McCay 0-0: Ball
1-0: SOLO HOME RUN (Flyball, 8LXD, EV 95.6 MPH), Distance : 452 ft
Batting: RHB Brian Hatfield 0-0: Called Strike
0-1: Foul Ball, location: 2F
0-2: Foul Ball, location: 2F
0-2: Ball
1-2: Foul Ball, location: 2F
1-2: Foul Ball, location: 2F
1-2: Strikes out swinging
Batting: RHB Edgar Candelaria 0-0: Ball
1-0: Ball
2-0: Ball
3-0: Called Strike
3-1: Base on Balls
Batting: LHB Scott Beckham 0-0: Foul Ball, location: 2F
0-1: Foul Ball, location: 2F
0-2: Ball
1-2: Foul Ball, location: 2F
1-2: Ball
2-2: Foul Ball, location: 2F
2-2: Foul Ball, location: 2F
2-2: Ball
3-2: Fly out, F5 (Flyball, 56D, EV 88.1 MPH)
Top of the 4th over - 1 run, 1 hit, 0 errors, 1 left on base; Sugar Land 1 - High Point 3
BOTTOM OF THE 4TH
High Point Rockers batting - Pitching for Sugar Land Skeeters : RHP Francisco Bran
Batting: LHB Bill Aubrey 0-0: Called Strike
0-1: Ball
1-1: Swinging Strike
1-2: Foul Ball, location: 2F
1-2: Foul Ball, location: 2F
1-2: Ball
2-2: Strikes out swinging
Batting: LHB Tony Huerta 0-0: Called Strike
0-1: SINGLE (Line Drive, 78S, EV 103.8 MPH)
Batting: LHB Steve Ozanich 0-0: Grounds into double play, 4-6-3 (Groundball, 4, EV 104.4 MPH)
Bottom of the 4th over - 0 runs, 1 hit, 0 errors, 0 left on base; Sugar Land 1 - High Point 3
TOP OF THE 5TH
Sugar Land Skeeters batting - Pitching for High Point Rockers : RHP Ernesto Moreno
Batting: RHB Ken Parsons 0-0: Called Strike
0-1: Fly out, F9 (Flyball, 89D, EV 100.6 MPH)
Batting: RHB Phil Carson 0-0: Called Strike
0-1: Called Strike
0-2: Ball
1-2: Ball
2-2: Foul Ball, location: 2F
2-2: Ball
3-2: Strikes out swinging, 2-3 out at first.
Batting: RHB Bernie Rogue 0-0: Ball
1-0: Swinging Strike
1-1: Ball
2-1: Ball
3-1: Called Strike
3-2: Foul Ball, location: 2F
3-2: Ground out 5-3 (Groundball, 56, EV 93.1 MPH)
Top of the 5th over - 0 runs, 0 hits, 0 errors, 0 left on base; Sugar Land 1 - High Point 3
BOTTOM OF THE 5TH
High Point Rockers batting - Pitching for Sugar Land Skeeters : RHP Francisco Bran
Pitching: RHP Salvatore Ayala
Batting: LHB Caleb Williams 0-0: Called Strike
0-1: Foul Ball, location: 2F
0-2: Strikes out swinging
Batting: RHB Greg Kast 0-0: Ball
1-0: Called Strike
1-1: Ball
2-1: DOUBLE (Flyball, 78XD, EV 103.8 MPH)
Batting: LHB Colin DiTuri 0-0: Ball
1-0: Ball
2-0: Ball
3-0: Base on Balls
Batting: RHB Raul Serrano 0-0: Ball
1-0: Called Strike
1-1: Ball
2-1: Foul Ball, location: 2F
2-2: Ball
3-2: Base on Balls
Greg Kast to third
Colin DiTuri to second
Batting: LHB William Fairclough 0-0: Ball
1-0: Foul Ball, location: 2F
1-1: Ball
2-1: Foul Ball, location: 2F
2-2: Fly out, F9 (Flyball, 9, EV 86.9 MPH)
Runner from 3rd tags up, OUT at HOME! 9-2
Bottom of the 5th over - 0 runs, 1 hit, 0 errors, 2 left on base; Sugar Land 1 - High Point 3
TOP OF THE 6TH
Sugar Land Skeeters batting - Pitching for High Point Rockers : RHP Ernesto Moreno
Pitching: RHP Tom Rogers
Batting: RHB Carlos Martinez 0-0: Ball
1-0: Foul Ball, location: 2F
1-1: Ball
2-1: Ball
3-1: Base on Balls
Batting: RHB John Racey 0-0: Ball
1-0: Swinging Strike
1-1: Ball
2-1: Swinging Strike
2-2: Strikes out swinging
Batting: RHB Tyler McCay 0-0: Swinging Strike
0-1: Ball
1-1: Foul Ball, location: 2F
1-2: Ball
2-2: Strikes out swinging
Batting: RHB Brian Hatfield 0-0: Swinging Strike
0-1: Foul Ball, location: 2F
0-2: Strikes out swinging
Top of the 6th over - 0 runs, 0 hits, 0 errors, 1 left on base; Sugar Land 1 - High Point 3
BOTTOM OF THE 6TH
High Point Rockers batting - Pitching for Sugar Land Skeeters : RHP Salvatore Ayala
Pitching: RHP Eric Dawson
Batting: RHB Salvador Lopez 0-0: Foul Ball, location: 2F
0-1: Ball
1-1: Ball
2-1: Ball
3-1: Base on Balls
Batting: LHB Bill Aubrey 0-0: Ball
1-0: Swinging Strike
1-1: Swinging Strike
1-2: Strikes out looking
Batting: LHB Tony Huerta 0-0: Called Strike
0-1: Ball
1-1: Swinging Strike
1-2: Strikes out swinging
Batting: LHB Steve Ozanich 0-0: Ball
1-0: Called Strike
1-1: Ball
2-1: Ball
3-1: Swinging Strike
3-2: Strikes out looking
Bottom of the 6th over - 0 runs, 0 hits, 0 errors, 1 left on base; Sugar Land 1 - High Point 3
TOP OF THE 7TH
Sugar Land Skeeters batting - Pitching for High Point Rockers : RHP Tom Rogers
Batting: RHB Edgar Candelaria 0-0: Called Strike
0-1: SOLO HOME RUN (Flyball, 8LXD, EV 91.2 MPH), Distance : 441 ft
Batting: LHB Scott Beckham 0-0: Ball
1-0: Ball
2-0: Ball
3-0: Called Strike
3-1: Base on Balls
Pinch Hitting: LHB Travis Magiera 0-0: Sac Bunt to 23 - play at second, runner OUT! 3-6
Batting: RHB Phil Carson 0-0: Called Strike
0-1: Ball
1-1: Swinging Strike
1-2: Ball
2-2: Strikes out swinging
Batting: RHB Bernie Rogue 0-0: Ball
1-0: Foul Ball, location: 2F
1-1: Ball
2-1: Ball
3-1: Base on Balls
Travis Magiera to second
Pinch Hitting: LHB Paul Adame 0-0: Ball
1-0: Called Strike
1-1: Ball
2-1: DOUBLE (Line Drive, 9LM, EV 100.6 MPH)
Travis Magiera scores
Bernie Rogue to third
Runner from 3rd tries for Home, SAFE, throw by RF to home
Pitching: RHP Jaden Drayton
Batting: RHB John Racey 0-0: Ball
1-0: Foul Ball, location: 2F
1-1: Foul Ball, location: 2F
1-2: Foul Ball, location: 2F
1-2: Strikes out looking
Top of the 7th over - 3 runs, 2 hits, 0 errors, 1 left on base; Sugar Land 4 - High Point 3
BOTTOM OF THE 7TH
High Point Rockers batting - Pitching for Sugar Land Skeeters : RHP Eric Dawson
Now at 3B: Jeff Reeves
Now in RF: Travis Magiera
Batting: LHB Caleb Williams 0-0: Called Strike
0-1: Ball
1-1: Ball
2-1: Swinging Strike
2-2: Strikes out looking
Batting: RHB Greg Kast 0-0: Ball
1-0: Swinging Strike
1-1: Ball
2-1: Swinging Strike
2-2: Ball
3-2: Base on Balls
Batting: LHB Colin DiTuri 0-0: Ball
1-0: Foul Ball, location: 2F
1-1: Grounds into double play, U6-3 (Groundball, 4MD, EV 84.4 MPH)
Bottom of the 7th over - 0 runs, 0 hits, 0 errors, 0 left on base; Sugar Land 4 - High Point 3
TOP OF THE 8TH
Sugar Land Skeeters batting - Pitching for High Point Rockers : RHP Jaden Drayton
Batting: RHB Tyler McCay 0-0: Ball
1-0: SINGLE (Line Drive, 78S, EV 106.9 MPH)
Batting: RHB Brian Hatfield 0-0: Ball
1-0: Ball
2-0: Called Strike
2-1: Foul Ball, location: 2F
2-2: Ball
3-2: SINGLE (Line Drive, 9S, EV 93.1 MPH)
Tyler McCay to second
Tyler McCay to third
Batting: RHB Edgar Candelaria 0-0: Ball
1-0: Foul Ball, location: 2F
1-1: Ball
2-1: Fly out, F7 (Flyball, 7LS, EV 90.0 MPH)
Runner from 3rd tags up, SCORES, throw by LF
Batting: LHB Scott Beckham 0-0: Grounds into double play, 6-4-3 (Groundball, 56, EV 84.4 MPH)
Top of the 8th over - 1 run, 2 hits, 0 errors, 0 left on base; Sugar Land 5 - High Point 3
BOTTOM OF THE 8TH
High Point Rockers batting - Pitching for Sugar Land Skeeters : RHP Eric Dawson
Pitching: RHP Marco Rivera
Batting: RHB Raul Serrano 0-0: Ball
1-0: DOUBLE (Line Drive, 7LS, EV 115.0 MPH)
Batting: LHB William Fairclough 0-0: Called Strike
0-1: Swinging Strike
0-2: Strikes out looking
Batting: RHB Salvador Lopez 0-0: Ball
1-0: Fly out, F3 (Popup, 3F, EV 75.0 MPH)
Batting: LHB Bill Aubrey 0-0: DOUBLE (Line Drive, 9LS, EV 91.9 MPH)
Raul Serrano scores
Batting: LHB Tony Huerta 0-0: Ball
1-0: Called Strike
1-1: Ball
2-1: SINGLE (Groundball, 34D, EV 99.4 MPH)
Bill Aubrey to third
Runner from 3rd tries for Home, throw by RF and OUT! 9-2
Bottom of the 8th over - 1 run, 3 hits, 0 errors, 1 left on base; Sugar Land 5 - High Point 4
TOP OF THE 9TH
Sugar Land Skeeters batting - Pitching for High Point Rockers : RHP Jaden Drayton
Batting: LHB Travis Magiera 0-0: SINGLE (Groundball, 6S, EV 67.5 MPH) (infield hit)
Batting: RHB Phil Carson 0-0: Sac Bunt to 23 - play at first, batter OUT! 3-4
Travis Magiera to second
Batting: RHB Bernie Rogue 0-0: Intentional Walk
Batting: RHB Jeff Reeves 0-0: Called Strike
0-1: Ball
1-1: Foul Ball, location: 2F
1-2: Fielders Choice at 2nd, 1-4 (Groundball, 25, EV 75.0 MPH)
Travis Magiera to third
Batting: RHB John Racey 0-0: Ball
1-0: Swinging Strike
1-1: SINGLE (Flyball, 34D, EV 90.0 MPH)
Travis Magiera scores
Jeff Reeves to second
Runner from 2nd tries for 3rd, SAFE, throw by RF made to third
Batting: RHB Tyler McCay 0-0: Called Strike
0-1: Ball
1-1: Ball
2-1: Fielders Choice at 2nd, 6-4 (Groundball, 6, EV 94.4 MPH)
Top of the 9th over - 1 run, 2 hits, 0 errors, 2 left on base; Sugar Land 6 - High Point 4
BOTTOM OF THE 9TH
High Point Rockers batting - Pitching for Sugar Land Skeeters : RHP Marco Rivera
Pitching: LHP Kevin Williford
Batting: LHB Steve Ozanich 0-0: Called Strike
0-1: Foul Ball, location: 2F
0-2: Strikes out looking
Batting: LHB Caleb Williams 0-0: Called Strike
0-1: Swinging Strike
0-2: Ball
1-2: Ball
2-2: Ball
3-2: Strikes out swinging
Batting: RHB Greg Kast 0-0: Hit by Pitch
Pinch Hitting: RHB Kareem Jackson 0-0: SINGLE (Groundball, 34D, EV 107.5 MPH)
Greg Kast to second
Batting: RHB Raul Serrano 0-0: Ball
1-0: Ball
2-0: Called Strike
2-1: Swinging Strike
2-2: Ball
3-2: Base on Balls
Greg Kast to third
Kareem Jackson to second
Batting: RHB Joe McCoy 0-0: Ground out 2-3 (Groundball, 2L, EV 62.5 MPH)
Bottom of the 9th over - 0 runs, 1 hit, 0 errors, 3 left on base; Sugar Land 6 - High Point 4
Saturday, October 23rd , 2021 - OOTP Baseball 22.10 Build 79